Unix NetHack Version 5.0.0-0 post-release - last build May  4 2026 22:22:43 (774f63e81ad911689b3a0859ea89b322d5daca8d,branch:main).

Game began 2026-05-05 00:41:09, ended 2026-05-05 01:14:46.

BilldaCat, neutral male human Wizard

                                                                  ------------
                                                                  |..........|
                                                                  |.. .... ..|
                                          ######   ##      #      |..--..--..|
                                     ######  #     ##      ##    #|..--..--..|
                                             #     ##       ##   #|..........|
                            -----            #   ####        #####|..........|
                            |.....##@a       # --|-+-------     ##|..--..--..|
                            |.       _0########-...........#######-..--..--..|
                            |               #  |..........|       |..........|
                                            #  |..........|       |..........|
                                            ###...........|       ------------
                                               ------------

BilldaCat the Thaumaturge  St:10 Dx:15 Co:14 In:18 Wi:11 Ch:14  Neutral
Dlvl:17 $:1178 HP:0(71) Pw:12(73) AC:9  Xp:9 T:4873  Hungry  

Latest messages:
 The door opens.
 You attack thin air.
 In what direction? 4
 The spell misses the rothe.
 You hit the rothe!
 You miss the rothe.
 The rothe hits!
 The rothe bites!
 The rothe bites again!
 You hit the rothe!
 The rothe hits!
 The rothe bites!
 The rothe bites again!
 You hit the rothe.
 The rothe hits!
 The rothe bites!
 The rothe bites again!
 You kill the rothe!
 You hit the dingo.
 The dingo bites!
 You hit the dingo.
 The dingo bites!
 You are beginning to feel hungry.
 You miss the dingo.
 The dingo bites!
 The dingo bites!
 What do you want to zap? [cgjxHNUX or ?*] ?
 Nothing happens.
 The dingo bites!
 What do you want to zap? [cgjxHNUX or ?*] c
 In what direction? 4
 You kill the dingo!
 You see here a rothe corpse.
 There is a rothe corpse here; eat it? [ynq] (n) y
 Blecch!  Rotten food!
 You finish eating the rothe corpse.
 Are you sure you want to pray? [yn] (n) y
 You begin praying to Thoth.
 You finish your prayer.
 The voice of Thoth thunders: "Thou hast angered me."
 You are being punished for your misbehavior!
 You are beginning to feel hungry.
 The giant ant bites!
 The giant ant bites!
 The giant ant bites!
 The giant ant bites!
 The giant ant bites!
 The giant ant bites!
 You die...
 Do you want your possessions identified? [ynq] (y) q

Inventory:
 Coins    ('$')
  $ - 1178 gold pieces
 Weapons  (')')
  a - a blessed +1 quarterstaff (weapon in hands)
 Armor    ('[')
  P - an uncursed +0 cornuthaum (being worn)
  F - an uncursed +0 pair of jumping boots (being worn)
  b - an uncursed burnt +0 cloak of magic resistance (being worn)
 Scrolls  ('?')
  t - 3 uncursed scrolls of confuse monster
  Q - a blessed scroll of enchant armor
  C - a blessed scroll of enchant weapon
  E - an uncursed scroll of enchant weapon
  v - an uncursed scroll of fire
  B - an uncursed scroll of food detection
  R - a blessed scroll of light
  Z - a cursed scroll of magic mapping
  i - an uncursed scroll of scare monster
  u - a blessed scroll of stinking cloud
  A - a cursed scroll of taming
  S - an uncursed scroll of teleportation
 Spellbooks  ('+')
  l - an uncursed spellbook of magic missile
 Potions  ('!')
  s - a cursed potion of booze
  o - a cursed potion of extra healing
  Y - an uncursed potion of object detection
  f - an uncursed potion of paralysis
  D - a potion of holy water
  O - a potion of unholy water
 Rings    ('=')
  e - an uncursed ring of cold resistance (on left hand)
  h - a cursed ring of hunger
  d - an uncursed ring of polymorph
 Wands    ('/')
  j - a wand of digging (0:4)
  x - a wand of digging (0:3)
  c - a wand of lightning (0:0)
  g - a wand of lightning (0:0)
  H - a wand of magic missile named mm (0:2)
  N - a wand of make invisible (0:3)
  X - a wand of opening (0:8)
  U - a wand of sleep named s/d (0:7)
 Tools    ('(')
  G - an uncursed sack containing 1 item
  K - a drum of earthquake (0:4)
  w - an uncursed leather drum
  n - an uncursed blindfold
  p - an uncursed blindfold
  L - a magic marker (0:69)
  m - a magic marker (0:20)
  I - a blessed oil lamp
  W - an uncursed oil lamp (lit)
  T - a +0 pick-axe
  M - an uncursed stethoscope
 Gems/Stones  ('*')
  r - an uncursed worthless piece of blue glass

Contents of the sack:
  an uncursed worthless piece of yellowish brown glass

BilldaCat the Wizard's attributes:

Background:
 You were a Thaumaturge, a level 9 male human Wizard.
 You were neutral, on a mission for Thoth
 who was opposed by Ptah (lawful) and Anhur (chaotic).
 You were right-handed.
 You were in the Dungeons of Doom, on level 17.
 You entered the dungeon 4873 turns ago.
 It was nighttime.
 You had 3840 experience points, 1280 more were needed to attain level 10.

Basics:
 You had 0 out of 71 hit points.
 You had 12 out of 73 energy points (spell power).
 Your armor class was 9.
 Your wallet contained 1178 zorkmids.
 Autopickup was on for '$"?!/=' plus thrown, with exceptions.

Final Characteristics:
 Your strength was 10 (limit:18/100).
 Your dexterity was 15 (limit:18).
 Your constitution was 14 (limit:18).
 Your intelligence was 18 (limit:18).
 Your wisdom was 11 (limit:18).
 Your charisma was 14 (base:13, limit:18).

Final Status:
 You were chained to a heavy iron ball.
 You were hungry.
 You were unencumbered.
 You were wielding a quarterstaff.
 You had basic skill with quarterstaff and could have enhanced that.

Final Attributes:
 You were piously aligned.
 You were magic-protected.
 You were cold resistant.
 Your items were protected from cold.
 You were poison resistant.
 You were clairvoyant.
 You could jump.
 You were warded.
 You were very unlucky.
 Thoth was angry with you.
 You are dead.

Miscellaneous:
 You didn't encounter any bones levels.
 Total elapsed playing time was 33 minutes and 37 seconds.

Major events:
 Turn
    1: BilldaCat the neutral male human Wizard entered the dungeon
  864: attained the rank of Conjurer (level 3)
  880: entered the Gnomish Mines
 1148: reached Mine Town
 1351: attained the rank of Thaumaturge (level 6)
 4137: entered Home 1, the Quest
 4873: killed by a giant ant, while dragging an iron ball

Spells:
 Name                 Level Category     Fail Retention
 force bolt             1   attack         0%   71%-80%
 magic missile          2   attack         0%   71%-80%
 create monster         2   clerical       0%  76%-100%

Skills:
 Fighting Skills
   bare handed combat [Unskilled]
   riding             [Unskilled]
 Weapon Skills
   dagger             [Unskilled]
   knife              [Unskilled]
   axe                [Unskilled]
   short sword        [Unskilled]
   club               [Unskilled]
   mace               [Unskilled]
   quarterstaff       [Basic]
   polearms           [Unskilled]
   spear              [Unskilled]
   trident            [Unskilled]
   sling              [Unskilled]
   dart               [Unskilled]
   shuriken           [Unskilled]
 Spellcasting Skills
   attack spells      [Basic]
   healing spells     [Unskilled]
   divination spells  [Unskilled]
   enchantment spells [Basic]
   clerical spells    [Unskilled]
   escape spells      [Unskilled]
   matter spells      [Unskilled]

Voluntary challenges:
 Character rerolling was not enabled.
 You never genocided any monsters.
 You never polymorphed an object.
 You never changed form.
 You used no wishes.
Achievements:
 You entered a shop.
 You attained the rank of Conjurer.
 You entered the Gnomish Mines.
 You entered Minetown.
 You entered a temple.
 You attained the rank of Thaumaturge.

 The Dungeons of Doom: levels 1 to 17
    Level 1:
    Level 2:
    Level 3:
       An armor shop, a fountain, a sink.
       Stairs down to The Gnomish Mines.
    Level 4:
    Level 5:
       Many fountains.
       Oracle of Delphi.
    Level 6:
    Level 7:
       An altar to Thoth, a sink.
    Level 8:
       A fountain.
    Level 9:
    Level 10:
       A fountain.
    Level 11:
       A temple and an altar to Thoth, a fountain.
    Level 12:
       A throne.
       Summoned by Neferet the Green.
       Portal to The Quest.
    Level 13:
    Level 14:
       A fountain.
    Level 15:
    Level 16:
    Level 17: <- You were here.
       Final resting place for
          you, killed by a giant ant, while dragging an iron ball.
 The Gnomish Mines: levels 4 to 6
    Level 4:
    Level 5:
    Level 6:
       Many shops, a temple and an altar, many fountains.
 The Quest:
    Level 1:
       Home.


Vanquished creatures:
 an elven monarch
  a xorn
  a gargoyle
  2 tengu
  a pit viper
  a wraith
  a giant beetle
  a cockatrice
  a wolf
  a winter wolf cub
  a scorpion
 an ice vortex
  a gnome ruler
  a lizard
  a dingo
  a jaguar
  a dust vortex
  a plains centaur
  4 Woodland-elves
  a soldier ant
  7 bugbears
  a mountain nymph
  3 orc shamans
  a rock mole
  5 yellow lights
  a shrieker
  a violet fungus
  8 gnome leaders
  2 gnomish wizards
  a kobold mummy
  a black naga hatchling
 an elf zombie
  a ghoul
  2 baby crocodiles
  a kitten
  7 dwarves
  a homunculus
  2 hill orcs
  3 rothes
  2 giant bats
  a monkey
  a wererat
  3 iguanas
  5 killer bees
  3 coyotes
  a gas spore
  2 hobbits
  a large kobold
  6 hobgoblins
  2 cave spiders
  a brown mold
 24 gnomes
  2 geckos
  2 jackals
  a fox
  3 kobolds
  2 goblins
  3 grid bugs
  2 lichens
  3 kobold zombies
143 creatures vanquished.

No species were genocided or became extinct.

Game over:
                       ----------
                      /          \
                     /    REST    \
                    /      IN      \
                   /     PEACE      \
                  /                  \
                  |    BilldaCat     |
                  |     1178 Au      |
                  |   killed by a    |
                  |    giant ant     |
                  |                  |
                  |                  |
                  |       2026       |
                 *|     *  *  *      | *
        _________)/\\_//(\/(/\)/\//\/|_)_______

Goodbye BilldaCat the Wizard...

You died in The Dungeons of Doom on dungeon level 17 with 12465 points,
and 1178 pieces of gold, after 4873 moves.
You were level 9 with a maximum of 71 hit points when you died.

